 Dungeon Crawl Stone Soup version 0.28.0 (webtiles) character file.

Game seed: 8405105080945111867

192355 porkupine the Slayer (level 17, -9/176 HPs)
             Began as a Minotaur Abyssal Knight on Feb 8, 2022.
             Was the Champion of Lugonu.
             Engulfed by a death drake's foul pestilence (12 damage)
             ... on level 3 of the Swamp on Feb 9, 2022.
             The game lasted 01:55:37 (34084 turns).

porkupine the Slayer (Minotaur Abyssal Knight)     Turns: 34084, Time: 01:55:38

Health: -9/176     AC: 34    Str: 39    XL:     17   Next: 60%
Magic:  24/25      EV: 23    Int: 10    God:    Lugonu [******]
Gold:   1571       SH:  0    Dex: 15    Spells: 16/16 levels left

rFire   + . .      SeeInvis .   a - +6 double sword of Cuthrinee {flame, Str+8 Dex-4}
rCold   + . .      Faith    .   (no shield)
rNeg    . . .      Spirit   .   N - +3 crystal plate armour
rPois   +          Reflect  .   k - +0 hat of Untruth {Str+5}
rElec   .          Harm     .   p - +0 cloak of the Hart {Slay+4}
rCorr   +          Rampage  .   J - +0 pair of gloves of the Little Devil {Str+4 Int+3 Dex-2}
Will    +....                   m - +0 pair of boots
Stlth   ..........              j - amulet of Hiefri Rezy {Acrobat +Blink rF+ rC+ rCorr}
HPRegen 0.39/turn               n - +6 ring of dexterity
MPRegen 0.19/turn               M - ring of poison resistance

@: lethally poisoned (-9 -> -16), acrobatic, slowed, very slow
A: horns 2, retaliatory headbutt, iridescent scales 1
}: 1/15 runes: serpentine
a: Renounce Religion, Evoke Blink, Depart the Abyss, Bend Space, Banish,
Corrupt, Enter the Abyss, Brand Weapon With Distortion


You were on level 3 of the Swamp.
You worshipped Lugonu.
Lugonu was exalted by your worship.
You visited 5 branches of the dungeon, and saw 28 of its levels.
You visited the Abyss 1 time.
You also visited: Bailey and Gauntlet.

You collected 3768 gold pieces.
You spent 2197 gold pieces at shops.

Inventory:

Hand Weapons
 a - the +6 double sword of Cuthrinee (weapon) {flame, Str+8 Dex-4}
   (You acquired it on level 3 of the Dungeon)

   It burns those it strikes, dealing additional fire damage.
   Big, fiery blades are also staple armaments of hydra-hunters.
   Str:       It affects your strength (+8).
   Dex:       It affects your dexterity (-4).
 b - a +3 longbow of freezing
Missiles
 h - 6 curare-tipped darts
 r - 545 arrows
 v - 48 poisoned darts
 L - 7 silver javelins
 O - a boomerang of dispersal
Armour
 k - the +0 hat of Untruth (worn) {Str+5}
   (You acquired it on level 2 of the Orcish Mines)

   Str:       It affects your strength (+5).
 m - a +0 pair of boots (worn)
 p - the +0 cloak of the Hart (worn) {Slay+4}
   (You found it in a bailey)

   Slay:      It affects your accuracy & damage with ranged weapons and melee
   (+4).
 z - a +2 tower shield of protection
 C - a scarf of resistance
 E - a +0 tower shield of reflection
 J - the +0 pair of gloves of the Little Devil (worn) {Str+4 Int+3 Dex-2}
   (You found it in a Gauntlet)

   Str:       It affects your strength (+4).
   Int:       It affects your intelligence (+3).
   Dex:       It affects your dexterity (-2).
 N - a +3 crystal plate armour (worn)
Jewellery
 g - the amulet "Kothrif" {Spirit Fragile +Blink rPois Int-2}
   (You took it off a minotaur in a Gauntlet)

   [amulet of guardian spirit]

   It causes incoming damage to be divided between your reserves of health and
   magic.
   Int:       It affects your intelligence (-2).
   rPois:     It protects you from poison.
   +Blink:    It lets you blink.
   Fragile:   It will be destroyed if unequipped.
 j - the amulet of Hiefri Rezy (around neck) {Acrobat +Blink rF+ rC+ rCorr}
   (You found it on level 4 of the Dungeon)

   [amulet of the acrobat]

   It increases your evasion while moving and waiting.
   rF:        It protects you from fire.
   rC:        It protects you from cold.
   +Blink:    It lets you blink.
   rCorr:     It protects you from acid and corrosion.
 n - a +6 ring of dexterity (left hand)
 q - a ring of protection from cold
 s - an amulet of regeneration
 t - a +4 ring of protection
 G - an amulet of reflection
 H - a ring of see invisible
 M - a ring of poison resistance (right hand)
 R - a +4 ring of evasion
Wands
 w - a wand of mindburst (21)
 x - a wand of digging (4)
 D - a wand of flame (61)
 I - a wand of iceblast (31)
 Y - a wand of acid (5)
Scrolls
 d - a scroll of fog
 f - a scroll of acquirement
 i - 12 scrolls of teleportation
 u - 2 scrolls of magic mapping
 B - a scroll of summoning
Potions
 c - 14 potions of curing
 l - 6 potions of haste
 o - 5 potions of flight
 A - 3 potions of brilliance
 F - 7 potions of heal wounds
 Q - a potion of ambrosia
 S - a potion of berserk rage
 U - 3 potions of might
 V - 2 potions of cancellation
 Z - 2 potions of magic
Miscellaneous
 e - a box of beasts
 y - a phantom mirror
 K - a tin of tremorstones (2/2)
 P - a lightning rod (4/4)
 W - a phial of floods


   Skills:
 * Level 22.0 Fighting
 * Level 18.5 Long Blades
 - Level 3.0 Axes
 * Level 14.0 Bows
 * Level 16.0 Armour
 - Level 1.8 Dodging
 * Level 12.4 Invocations
 * Level 9.0 Evocations


You had 16 spell levels left.
You didn't know any spells.
Your spell library contained the following spells:

 Spells                   Type           Power      Damage    Failure   Level
 Sandblast                Erth           0%         2d4       97%         1
 Slow                     Hex            0%         N/A       97%         1
 Blink                    Tloc           0%         N/A       99%         2
 Corpse Rot               Necr/Air       0%         N/A       99%         2
 Poisonous Vapours        Pois/Air       0%         N/A       99%         2
 Scorch                   Fire           0%         2d5       99%         2
 Confusing Touch          Hex            0%         N/A       100%        3
 Conjure Flame            Conj/Fire      0%         6-21      100%        3
 Frozen Ramparts          Ice            0%         1d2       100%        3
 Ignite Poison            Fire/Tmut/Pois 0%         N/A       100%        3
 Inner Flame              Hex/Fire       0%         N/A       100%        3
 Ozocubu's Armour         Ice            0%         N/A       100%        3
 Stone Arrow              Conj/Erth      0%         3d7       100%        3
 Summon Guardian Golem    Hex/Summ       0%         N/A       100%        3
 Animate Dead             Necr           0%         N/A       100%        4
 Cause Fear               Hex            0%         N/A       100%        4
 Flame Wave               Conj/Fire      0%         2d4       100%        4
 Hailstorm                Conj/Ice       0%         3d3       100%        4
 Ice Form                 Ice/Tmut       0%         N/A       100%        4
 Sticky Flame             Conj/Fire      0%         2d3       100%        4
 Summon Ice Beast         Ice/Summ       0%         N/A       100%        4
 Borgnjor's Vile Clutch   Necr/Erth      0%         N/A       100%        5
 Fireball                 Conj/Fire      0%         3d3       100%        5
 Iskenderun's Battlesphe  Conj           0%         2d6       100%        5
 Manifold Assault         Tloc           0%         N/A       100%        5
 Metabolic Englaciation   Hex/Ice        0%         N/A       100%        5
 Conjure Ball Lightning   Conj/Air       0%         3x3d6     100%        6
 Death Channel            Necr           0%         N/A       100%        6
 Iron Shot                Conj/Erth      0%         9d1       100%        6
 Simulacrum               Ice/Necr       0%         N/A       100%        6
 Summon Cactus Giant      Summ           0%         N/A       100%        6
 Orb of Destruction       Conj           0%         9d5       100%        7
 Ozocubu's Refrigeration  Ice            0%         4d5       100%        7
 Spellforged Servitor     Conj/Summ      0%         N/A       100%        7
 Storm Form               Tmut/Air       0%         N/A       100%        7
 Discord                  Hex            0%         N/A       100%        8
 Disjunction              Tloc           0%         N/A       100%        8
 Shatter                  Erth           0%         3d5*      100%        9


Dungeon Overview and Level Annotations

Branches:
Dungeon (13/15)            Temple (0/1) D:7            Lair (6/6) D:10
  Swamp (3/4) Lair:4        Snake (4/4) Lair:4        Slime (0/5) Lair:6
    Orc (2/2) D:9             Elf (0/3) Orc:2        Bailey (visited)
Gauntlet (visited)
 Vaults: D:13-14

Altars:
Gozag
Kikubaaqudgha
Ru
Sif Muna
Uskayaw
Vehumet
Wu Jian
Xom
Zin
The Shining One
Beogh
Jiyva

Shops:
D:10 *([[!   D:11 [   Orc:1 [   Orc:2 ?[*!   Snake:2 *

Annotations:
D:6 3 runed translucent doors, everene's ghost, novice FoAK
Snake:4 corrupted


Innate Abilities, Weirdness & Mutations

You have a pair of horns on your head.
You reflexively headbutt those who attack you in melee.
You are partially covered in iridescent scales. (AC +2)


Message History

You feel stronger.
You feel clumsy.
The +6 double sword of Cuthrinee {flame, Str+8 Dex-4} bursts into flame!
a - the +6 double sword of Cuthrinee (weapon)
{flame, Str+8 Dex-4} You feel very sick.
The death drake breathes miasma at you. The foul vapour engulfs you!
You are more poisoned.
You closely miss the death drake.
The death drake is severely wounded.
You are engulfed in dark miasma.
You are lethally poisoned!
* * * LOW HITPOINT WARNING * * *
x2 You feel extremely sick.
The death drake is no longer moving slowly.
The death drake bites you.
* * * LOW HITPOINT WARNING * * *
Space bends around you!
You blink.
A tyrant leech and a spriggan druid come into view.
* * * LOW HITPOINT WARNING * * *
You feel extremely sick.
The spriggan druid shouts!
The spriggan druid casts a spell.
The forest starts to sway and rumble!
You feel better. A root smacks you from below!
* * * LOW HITPOINT WARNING * * *
You are waved at by a branch.
The death drake bites you but does no damage.
Blink to where?
Press: ? - help, Dir - move target, p - death drake Splash!
You fall into the shallow water.
Moving in this stuff is going to be slow.
As you read the scroll of blinking, it crumbles to dust.
The death drake breathes miasma at you. The foul vapour engulfs you!
* * * LOW HITPOINT WARNING * * *
You are engulfed in dark miasma.
You are lethally poisoned!
You die...

♣♣≈.. ≈. ≈...♣♣♣ .≈≈
♣..♣♣.♣♣♣.... ♣♣≈.≈.≈(.♣..≈≈
♣♣≈..♣♣..≈...≈. ♣♣.≈≈(°°°≈.♣.♣♣.
≈.♣♣♣ ♣≈.§≈≈.°°°≈≈..≈≈
...≈.≈♣≈.≈○○°☼☼♣♣♣.♣♣.§.
≈.≈≈≈w≈.ik♣..°@♣♣ ♣.≈≈..
≈≈§≈≈≈≈≈≈?♣§≈°.≈♣♣♣..≈≈≈.
.≈≈§≈≈≈≈≈.♣(≈........≈≈..
♣.≈..§≈≈...(..†≈≈≈≈.♣≈≈.♣♣
≈≈≈♣♣≈♣≈.(..(((..≈≈≈((.(≈.♣≈♣♣♣
≈.≈≈≈.≈.≈≈≈....≈.♣.§≈≈....♣♣..♣♣
....≈≈♣.≈.≈≈..≈≈≈........♣ ♣≈..♣♣
)..≈≈.♣...♣♣.≈≈.≈..≈≈.≈≈≈♣♣♣.≈..♣
...... .≈..≈≈≈..≈≈≈≈.≈♣≈..≈≈≈<≈


There were no monsters in sight!

Vanquished Creatures
  A tentacled monstrosity (Swamp:2)
  2 nagarajas
  2 ghouls (Swamp:3)
  Aizul (Swamp:2)
  4 eleionomae
  2 bunyips
  A minotaur (Gauntlet)
  An ettin (Orc:1)
  A shambling mangrove (Swamp:1)
  Josephine (Snake:1)
  4 salamander tyrants
  11 hydras
  9 naga warriors
  A boulder beetle (Lair:2)
  A ghost crab (Swamp:2)
  Erolcha (D:9)
  3 catoblepae (Lair:6)
  5 alligators
  14 anacondas
  14 death yaks
  5 two-headed ogres
  An orc high priest (D:9)
  5 naga sharpshooters
  7 shock serpents
  A salamander mystic (Snake:4)
  2 goliath frogs
  3 swamp dragons
  16 naga ritualists
  3 spriggan druids
  6 bog bodies
  A lindwurm (Lair:5)
  A deep elf pyromancer (Bailey)
  7 orc knights
  10 mana vipers
  2 oklob plants (Lair:5)
  An ugly thing (D:12)
  2 will-o-the-wisps
  23 salamanders
  An ice statue (Gauntlet)
  4 orc sorcerers (Orc:2)
  6 manticores
  12 naga magi
  9 elephants
  45 black mambas
  6 guardian serpents
  A smoke demon (Gauntlet)
  Maggie (D:10)
  3 torpor snails
  4 gargoyles
  14 cane toads
  9 rime drakes
  An unseen horror (D:11)
  13 komodo dragons
  2 polar bears
  3 meliai (Lair:5)
  A queen bee (Lair:5)
  4 trolls
  4 tyrant leeches
  2 bloated husks (Swamp:1)
  15 hornets
  12 blink frogs
  5 slime creatures
  15 dream sheep
  7 shadows
  2 wyverns
  13 spriggans
  5 wraiths (Snake:1)
  4 vampire mosquitoes (Lair:4)
  65 yaks
  7 basilisks
  2 steam dragons
  Menkaure (D:4)
  2 acid dragons
  40 nagas
  3 wargs
  10 swamp worms
  12 water moccasins
  5 swamp drakes (Swamp:2)
  35 orc warriors
  A black bear (D:10)
  12 ogres
  2 necrophages (Swamp:3)
  17 wolves
  16 centaurs
  3 phantoms
  5 kobold brigands
  13 bullfrogs
  A scorpion (D:4)
  A gnoll sergeant (D:9)
  A water moccasin zombie (D:5)
  38 killer bees
  3 wights (D:7)
  8 howler monkeys
  An electric eel (D:10)
  3 crimson imps (Gauntlet)
  3 centaur zombies
  A bullfrog zombie (D:5)
  3 hounds
  A jelly (D:6)
  A centaur skeleton (D:4)
  8 orc priests
  A bullfrog skeleton (D:5)
  A scorpion zombie (D:5)
  6 hell rats (Lair:3)
  4 iguanas
  15 orc wizards
  A hound skeleton (D:5)
  Robin (D:3)
  3 gnolls (D:9)
  A river rat (Lair:5)
  7 adders
  2 shadow imps
  2 white imps (D:5)
  3 dart slugs
  65 orcs
  11 endoplasms
  2 giant cockroaches
  18 goblins
  10 hobgoblins
  12 jackals
  4 quokkas
  4 ball pythons
  4 bats
  3 frilled lizards
  17 kobolds
  5 rats
924 creatures vanquished.

Vanquished Creatures (others)
  5 naga warriors (Snake:4)
  A salamander mystic (Snake:4)
  6 salamanders (Snake:4)
  A naga mage (Snake:4)
  4 guardian serpents (Snake:4)
  A naga (Snake:4)
  A killer bee (Lair:5)
  A goblin (D:3)
  4 foxfires
  43 fungi
  49 plants
  4 starspawn tentacles (Snake:4)
120 creatures vanquished.

Grand Total: 1044 creatures vanquished

Notes
Turn   | Place    | Note
-------+----------+-------------------------------------------
     0 | Abyss:1  | porkupine the Minotaur Abyssal Knight began the quest for
                  | the Orb.
     0 | Abyss:1  | Reached XP level 1. HP: 19/19 MP: 1/1
     0 | D:1      | Escaped the Abyss
    49 | D:1      | Reached * piety under Lugonu
    53 | D:1      | Reached XP level 2. HP: 24/27 MP: 2/2
   505 | D:1      | Reached XP level 3. HP: 33/33 MP: 3/3
   758 | D:1      | Found a faded altar of an unknown god.
   776 | D:1      | Reached skill level 4 in Fighting
   920 | D:2      | Reached ** piety under Lugonu
  1371 | D:2      | Reached XP level 4. HP: 41/41 MP: 4/4
  1651 | D:3      | Noticed Robin
  1943 | D:3      | Reached skill level 5 in Fighting
  1977 | D:3      | Killed Robin
  2024 | D:3      | Found a sacrificial altar of Ru.
  2170 | D:3      | Identified a scroll of acquirement
  2170 | D:3      | Acquired the +6 double sword of Cuthrinee {flame, Str+8
                  | Dex-4}
  2234 | D:3      | Reached *** piety under Lugonu
  2339 | D:3      | You fall into a shaft and drop 1 floor!
  2345 | D:4      | Reached skill level 1 in Long Blades
  2345 | D:4      | Reached XP level 5. HP: 42/50 MP: 5/5
  2480 | D:4      | Reached skill level 6 in Fighting
  2521 | D:4      | Noticed an ogre
  2528 | D:4      | Killed an ogre
  2529 | D:4      | Reached XP level 6. HP: 23/58 MP: 6/6
  2797 | D:4      | Identified the amulet of Hiefri Rezy {Acrobat +Blink rF+
                  | rC+ rCorr}
  2912 | D:4      | Noticed Menkaure
  2925 | D:4      | Killed Menkaure
  2926 | D:4      | Reached skill level 7 in Fighting
  2926 | D:4      | Reached XP level 7. HP: 20/66 MP: 7/7
  3689 | D:5      | Entered Level 5 of the Dungeon
  3730 | D:5      | Reached skill level 5 in Long Blades
  3930 | D:5      | Reached skill level 8 in Fighting
  3930 | D:5      | Reached skill level 5 in Armour
  3946 | D:5      | Reached XP level 8. HP: 69/75 MP: 8/8
  3954 | D:5      | Noticed a hornet
  3964 | D:5      | Killed a hornet
  4135 | D:5      | Acquired a manual of Fighting
  4238 | D:5      | Reached skill level 9 in Fighting
  4327 | D:5      | Found a shimmering altar of Xom.
  4460 | D:5      | Found a glowing silver altar of Zin.
  4794 | D:6      | Found a runed translucent gate.
  4794 | D:6      | Found a runed translucent gate.
  4798 | D:6      | Noticed a cyclops
  4799 | D:6      | Noticed everene's ghost (novice FoAK)
  4799 | D:6      | Noticed a manticore
  4808 | D:6      | Killed a manticore
  4809 | D:6      | Reached skill level 10 in Fighting
  5087 | D:6      | Found a runed translucent gate.
  5177 | D:6      | Found a hide-covered altar of Uskayaw.
  5607 | D:7      | Reached XP level 9. HP: 82/86 MP: 9/9
  5747 | D:7      | Reached **** piety under Lugonu
  5768 | D:7      | Reached skill level 11 in Fighting
  6207 | D:7      | Found a flagged portal.
  6228 | Bailey   | Entered a bailey
  6360 | Bailey   | Gained mutation: You possess an exceptional clarity of
                  | mind. [potion of mutation]
  6360 | Bailey   | Gained mutation: Your mind is acute. (Int +2) [potion of
                  | mutation]
  6764 | Bailey   | Found a large runed translucent door.
  6764 | Bailey   | Found a large runed translucent door.
  6765 | Bailey   | Noticed an orc knight
  6765 | Bailey   | Noticed a deep elf pyromancer
  6777 | Bailey   | HP: 3/90 [orc knight (16)]
  6781 | Bailey   | Killed an orc knight
  6782 | Bailey   | Reached skill level 12 in Fighting
  6782 | Bailey   | Reached skill level 5 in Bows
  7105 | Bailey   | Lost mutation: You possess an exceptional clarity of mind.
                  | [potion of mutation]
  7105 | Bailey   | Lost mutation: Your mind is acute. (Int +2) [potion of
                  | mutation]
  7105 | Bailey   | Gained mutation: You are partially covered in iridescent
                  | scales. (AC +2) [potion of mutation]
  7116 | Bailey   | Killed a deep elf pyromancer
  7117 | Bailey   | Reached XP level 10. HP: 85/100 MP: 10/10
  7192 | Bailey   | Identified the +0 cloak of the Hart {Slay+4}
  7274 | D:7      | Found a staircase to the Ecumenical Temple.
  7470 | D:7      | Found a shimmering blue altar of Sif Muna.
  7974 | D:8      | Acquired 813 gold pieces
  8211 | D:8      | Reached skill level 13 in Fighting
  8320 | D:8      | Found an ornate altar of the Wu Jian Council.
  8582 | D:9      | Noticed a three-headed hydra
  8586 | D:9      | Killed a one-headed hydra
  8587 | D:9      | Reached skill level 10 in Long Blades
  8792 | D:9      | Reached skill level 14 in Fighting
  8900 | D:9      | Found a staircase to the Orcish Mines.
  8944 | D:9      | Found an ancient bone altar of Kikubaaqudgha.
  8994 | D:9      | Noticed a two-headed ogre
  9002 | D:9      | Killed a two-headed ogre
  9070 | D:9      | Found a radiant altar of Vehumet.
  9236 | D:9      | Reached skill level 15 in Fighting
  9482 | D:10     | Entered Level 10 of the Dungeon
  9491 | D:10     | Found Maffaid's Armour Boutique.
  9498 | D:10     | Found an opulent altar of Gozag.
  9501 | D:10     | Noticed Maggie
  9511 | D:10     | Killed Maggie
  9512 | D:10     | Reached XP level 11. HP: 107/112 MP: 11/11
  9583 | D:10     | Noticed a death yak
  9596 | D:10     | Killed a death yak
  9686 | D:10     | Found a staircase to the Lair.
  9744 | D:10     | Found Sirgh's General Store.
  9837 | D:10     | Found Duicat's Weapon Emporium.
  9840 | D:10     | Noticed a two-headed ogre
  9847 | D:10     | Killed a two-headed ogre
  9859 | D:10     | Bought a +0 longbow of freezing for 111 gold pieces
  9933 | D:10     | Reached skill level 16 in Fighting
  9958 | D:10     | Noticed a two-headed ogre
  9961 | D:10     | Killed a two-headed ogre
 10318 | D:10     | Found a glowing golden altar of the Shining One.
 10343 | D:10     | Found Kighuat's Armour Boutique.
 10381 | D:10     | Found Ugaetz's Distillery.
 10391 | D:10     | Bought a potion of heal wounds for 75 gold pieces
 10466 | D:11     | Reached ***** piety under Lugonu
 10534 | D:11     | Noticed a two-headed ogre
 10538 | D:11     | Killed a two-headed ogre
 10708 | D:11     | Reached skill level 17 in Fighting
 10840 | D:11     | Noticed a two-headed ogre
 10846 | D:11     | Killed a two-headed ogre
 10925 | D:11     | Found Timamn's Antique Armour Emporium.
 11424 | D:12     | Found a gate leading to a gauntlet.
 11433 | Gauntlet | Entered a Gauntlet
 11433 | Gauntlet | Noticed a large abomination
 11433 | Gauntlet | Found a transporter.
 11433 | Gauntlet | Found a transporter.
 11433 | Gauntlet | Found a transporter.
 11444 | Gauntlet | Found a transporter.
 11446 | Gauntlet | Found a transporter.
 11455 | Gauntlet | Found a transporter.
 11457 | Gauntlet | Found a transporter.
 11463 | Gauntlet | Noticed a balrug
 11465 | Gauntlet | Found a transporter.
 11483 | Gauntlet | Found a transporter.
 11500 | Gauntlet | Found a transporter.
 11503 | Gauntlet | Found a transporter.
 11513 | Gauntlet | Found a transporter.
 11603 | Gauntlet | Reached XP level 12. HP: 126/126 MP: 14/14
 11737 | Gauntlet | Identified the +0 pair of gloves of the Little Devil {Str+4
                  | Int+3 Dex-2}
 11750 | Gauntlet | Reached skill level 10 in Armour
 11803 | Gauntlet | Identified the amulet "Kothrif" {Spirit Fragile +Blink
                  | rPois Int-2}
 11803 | Gauntlet | Noticed a minotaur
 11812 | Gauntlet | Killed a minotaur
 11813 | Gauntlet | Reached skill level 18 in Fighting
 11813 | Gauntlet | Reached skill level 5 in Invocations
 11823 | Gauntlet | Got Kidauz's Tome of Orientation and the Oath
 12959 | D:13     | Noticed a tengu warrior
 13226 | Orc:1    | Entered Level 1 of the Orcish Mines
 13231 | Orc:1    | Noticed an orc high priest
 13327 | D:9      | Noticed Erolcha
 13340 | D:9      | Killed Erolcha
 13929 | D:9      | Killed an orc high priest
 14330 | Orc:1    | Found Enuiwuto's Antique Armour Shoppe.
 14407 | Orc:2    | Entered Level 2 of the Orcish Mines
 14918 | Orc:2    | Reached skill level 19 in Fighting
 14935 | Orc:2    | Reached XP level 13. HP: 95/137 MP: 17/17
 15067 | Orc:2    | Found a staircase to the Elven Halls.
 15162 | Orc:2    | Noticed an ettin
 15172 | Orc:1    | Killed an ettin
 15376 | Orc:2    | Reached ****** piety under Lugonu
 15439 | Orc:2    | Paralysed by an orc sorcerer for 4 turns
 15534 | Orc:2    | Found Ozeps's Armour Shoppe.
 15534 | Orc:2    | Found Hiubuh's Assorted Antiques.
 15536 | Orc:2    | Found Xotoa's Distillery.
 15539 | Orc:2    | Found Myomul's Magic Scroll Emporium.
 15646 | Orc:2    | Found a shimmering blue altar of Sif Muna.
 16258 | Orc:2    | Bought a +1 crystal plate armour for 1218 gold pieces
 16274 | Orc:2    | Bought a scroll of acquirement for 728 gold pieces
 16275 | Orc:2    | Acquired the +0 hat of Untruth {Str+5}
 16285 | Orc:2    | Bought a potion of heal wounds for 65 gold pieces
 16577 | Lair:1   | Entered Level 1 of the Lair of Beasts
 16791 | Lair:1   | Reached skill level 1 in Evocations
 17642 | Lair:2   | Reached skill level 15 in Long Blades
 18932 | Lair:3   | Reached skill level 10 in Bows
 19203 | Lair:3   | Reached XP level 14. HP: 147/147 MP: 19/19
 20203 | Lair:4   | Identified the +2 chain mail of Naoryxt {Rampage Fly rC-
                  | rN++ Dex-4}
 20430 | Lair:4   | Found a staircase to the Snake Pit.
 20575 | Lair:4   | Found a staircase to the Swamp.
 21429 | Lair:5   | Reached skill level 20 in Fighting
 22419 | Lair:5   | Reached skill level 5 in Evocations
 22545 | Lair:6   | Entered Level 6 of the Lair of Beasts
 22551 | Lair:6   | Found a viscous altar of Jiyva.
 22561 | Lair:6   | Found a staircase to the Slime Pits.
 22950 | Lair:6   | Reached XP level 15. HP: 155/155 MP: 21/21
 23199 | Lair:6   | Identified the +4 pair of gloves "Soimmif" {Int+2}
 23414 | Lair:6   | Reached skill level 10 in Invocations
 24026 | Swamp:1  | Entered Level 1 of the Swamp
 25395 | Swamp:2  | Noticed Aizul
 25404 | Swamp:2  | Killed Aizul
 25502 | Swamp:2  | Noticed a tentacled monstrosity
 25512 | Swamp:2  | Killed a tentacled monstrosity
 26125 | Swamp:2  | Reached XP level 16. HP: 165/165 MP: 23/23
 26698 | Snake:1  | Entered Level 1 of the Snake Pit
 26749 | Snake:1  | Reached skill level 21 in Fighting
 27399 | Snake:1  | Noticed Josephine
 27409 | Snake:1  | Killed Josephine
 27517 | Snake:1  | Identified the +6 quarterstaff of True Grit {freeze,
                  | *Corrode rPois SInv}
 28604 | Snake:1  | Got the Reference Book on Clay
 28656 | Snake:2  | Found Jeoveis's Assorted Antiques.
 29390 | Snake:2  | Reached skill level 15 in Armour
 31025 | Snake:3  | Reached XP level 17. HP: 161/174 MP: 24/24
 32091 | Snake:4  | Entered Level 4 of the Snake Pit
 32605 | Snake:4  | Corrupted Snake:4
 33442 | Snake:4  | Got a serpentine rune of Zot
 33750 | Swamp:3  | Reached skill level 22 in Fighting
 34083 | Swamp:3  | HP: 3/176 [death drake/foul vapour (12)]
 34084 | Swamp:3  | Engulfed by a death drake's foul pestilence

Illustrated notes

Levels and vault maps discovered:
D:1:      minmay_arrival_four_circles, layout_loops_ring,
          shapermc_ecumenical_altar_ellora
D:2:      layout_basic
D:3:      layout_basic, mainiacjoe_overflow_paths, gup_sewer_entry_bubbles,
          kennysheep_donut, minmay_cut_off, uniq_robin
D:4:      layout_basic, uniq_menkaure
D:5:      minmay_thick_lines, layout_loops_corners, zin_statuary,
          mainiacjoe_overflow_boulevard
D:6:      layout_loops_ring, general_overflow_altar, gammafunk_ghost_split
D:7:      layout_basic, kennysheep_little_box, minmay_temple_entry_overgrown,
          enter_bailey_5, enter_ossuary_5
D:8:      layout_loops_ring, mainiacjoe_overflow_tiny_flanked
D:9:      layout_irregular_city, kiku_gazebo_garden_becter, fiery_altar_vehumet,
          orc_0_dummy, hangedman_ranch, uniq_erolcha
D:10:     layout_roguey, mainiacjoe_overflow_brackets,
          overflow_temple_1_default, david_lair_generic, serial_shops,
          nicolae_shop_waterfront, nicolae_diamond_shop, nicolae_square_shop,
          nicolae_shop_behind_doors, nicolae_lakefront_shop, uniq_maggie
D:11:     layout_loops_ring, serial_shops, nicolae_take_the_stairs,
          hangedman_decor_clover_reticule
D:12:     layout_basic, gauntlet_entry_generic, dk_noncrumbling_2
D:13:     layout_layer_cave, trove_entry_hex_spiral, serial_undead,
          serial_undead_c, serial_undead_a, serial_undead_c, serial_undead_c,
          serial_undead_f
Lair:1:   layout_misc_corridors, grunt_megastairs_3
Lair:2:   layout_small_grid, nzn_sisyphean_effort
Lair:3:   layout_cave_pods, beast_lair_carwin_8
Lair:4:   layout_regular_city, minmay_swamp_entry_swarm,
          minmay_snake_entry_guardpost_medium
Lair:5:   regret_index_harrowing_hell_hive, layout_gridlike, grunt_megastairs_1
Lair:6:   evilmike_catoblepas_cave, layout_cave_shapes, slime_altar_1,
          st_stairs_10
Swamp:1:  layout_basic_swamp, nicolae_swamp_tree_isthmus
Swamp:2:  layout_falls_marsh, evilmike_swamp_ruin_house_3, swamp_pool5,
          uniq_aizul
Swamp:3:  layout_basic_swamp, hangedman_swamp_ruin_wall, uniq_kirke
Snake:1:  layout_gridlike, nicolae_snake_naga_rites, grunt_megastairs_4,
          uniq_josephine
Snake:2:  layout_onion_interference, serial_shops, nicolae_diamond_shop
Snake:3:  layout_onion
Snake:4:  grunt_snake_rune_pools, layout_cave_shapes, special_room
Orc:1:    layout_diamond_mine, basic_altar, serial_shops, shop
Orc:2:    st_orc_rangers, layout_caves, kennysheep_orc_sif_temple

Skill      XL: |  1  2  3  4  5  6  7  8  9 10 11 12 13 14 15 16 17 |
---------------+----------------------------------------------------+-----
Invocations    | 2 4 6 8 9 10 11 12 | 12.4
Fighting       | 4 5 6 7 8 10 12 15 17 19 20 21 22 | 22.0
Axes           | 3 |  3.0
Armour         | 3 4 5 6 7 8 9 10 12 13 14 15 16 | 16.0
Long Blades    | 1 3 4 6 7 9 11 13 14 15 16 17 18 | 18.5
Bows           | 2 5 7 8 10 11 12 13 14 | 14.0
Evocations     | 3 5 6 8 9 |  9.0
Dodging        | |  1.8

Action                   |  1- 3 |  4- 6 |  7- 9 | 10-12 | 13-15 | 16-18 || total
-------------------------+-------+-------+-------+-------+-------+-------++-------
Melee: Hand axe          |    88 |    39 |       |       |       |       ||   127
       Headbutt          |    12 |    13 |    18 |    52 |    86 |    51 ||   232
       Dagger            |       |    10 |       |       |       |       ||    10
       Double sword      |       |    38 |   153 |   235 |   425 |   265 ||  1116
       Punch             |       |       |     2 |     4 |     6 |     7 ||    19
 Fire: Shortbow          |       |       |    48 |    88 |       |       ||   136
       Longbow           |       |       |       |   105 |   539 |   448 ||  1092
Invok: Depart the Abyss  |     1 |       |       |       |       |       ||     1
       Bend Space        |       |       |       |       |       |     2 ||     2
       Corrupt           |       |       |       |       |       |     1 ||     1
Evoke: Tin of tremorston |       |       |       |       |     2 |       ||     2
       Wand              |       |       |       |       |     1 |     2 ||     3
  Use: Scroll            |     4 |     3 |     6 |     9 |    11 |     3 ||    36
       Potion            |       |       |     6 |     1 |       |     1 ||     8
Armor: Leather armour    |     9 |       |       |       |       |       ||     9
       Plate armour      |    36 |    39 |       |       |       |       ||    75
       Gold dragon scale |       |    42 |   100 |   192 |    28 |       ||   362
       Skin              |       |       |    12 |       |       |       ||    12
       Crystal plate arm |       |       |       |       |   318 |   249 ||   567
Dodge: Dodged            |    53 |    29 |    80 |   100 |   205 |   236 ||   703
